 Dungeon Crawl Stone Soup version 0.19.0-2-gae57169 (webtiles) character file.

163 motku515 the Chiller (level 5, -8/37 HPs)
             Began as a Merfolk Ice Elementalist on Nov 4, 2016.
             Was an Initiate of Okawaru.
             Mangled by a gnoll
             ... wielding a +0 club
              (12 damage)
             ... on level 4 of the Dungeon.
             The game lasted 00:07:22 (2453 turns).

motku515 the Chiller (Merfolk Ice Elementalist)     Turns: 2453, Time: 00:07:23

Health: -8/37      AC:  8    Str:  8    XL:     5   Next: 44%
Magic:  2/8        EV: 14    Int: 22    God:    Okawaru [......]
Gold:   86         SH:  0    Dex: 15    Spells: 3 memorised, 0 levels left

rFire  . . .     SeeInvis .     n - +0 whip
rCold  . . .     Gourm    .     a - +0 robe
rNeg   . . .     Faith    .     (no shield)
rPois  .         Spirit   .     (no helmet)
rElec  .         Reflect  .     (no cloak)
rCorr  .         Harm     .     (no gloves)
MR     .....                    (no boots)
Stlth  ++........               (no amulet)
                                r - +5 ring of intelligence
                                e - +2 ring of intelligence

@: lethally poisoned (-8 -> -11), icy armour, slow
A: change form in water, swift swim, stealthy swim
a: Renounce Religion


You were on level 4 of the Dungeon.
You worshipped Okawaru.
Okawaru was noncommittal.
You were not hungry.

You visited 1 branch of the dungeon, and saw 4 of its levels.

You collected 86 gold pieces.

Inventory:

Hand Weapons
 l - a +0 hunting sling
 n - a +0 whip (weapon)
 x - a +0 spear
Missiles
 t - 27 poisoned needles
 w - 3 javelins (quivered)
Armour
 a - a +0 robe (worn)
 d - a cursed +0 buckler
 i - a +1 leather armour of cold resistance
Jewellery
 e - a +2 ring of intelligence (left hand)
 p - a +5 ring of evasion {unknown}
 r - a +5 ring of intelligence (right hand)
Scrolls
 j - 2 scrolls of teleportation {unknown}
 k - a scroll of enchant armour {unknown}
 m - a scroll of immolation {unknown}
 q - a scroll of identify {unknown}
Potions
 h - a potion of might {unknown}
 o - a potion of cancellation {unknown}
 u - a potion of agility {unknown}
Books
 b - a book of Frost

   Spells                             Type                      Level
   a - Freeze                         Ice                          1
   b - Throw Frost                    Conjuration/Ice              2
   c - Ozocubu's Armour               Charms/Ice                   3
   d - Throw Icicle                   Conjuration/Ice              4
   e - Summon Ice Beast               Ice/Summoning                4
Comestibles
 c - a bread ration
 f - 2 slices of pizza
 g - 3 chunks of flesh
 s - a beef jerky
 v - 2 fruits


   Skills:
 + Level 1.4 Fighting
 - Level 4.2 Dodging
 - Level 2.1 Stealth
 - Level 2.0 Spellcasting
   Level 0.7 Conjurations
 * Level 0.6 Summonings
 + Level 5.4 Ice Magic


You couldn't memorise any spells.
You knew the following spells:

 Your Spells              Type           Power        Failure   Level  Hunger
a - Ozocubu's Armour      Chrm/Ice       ##......     14%         3    ###....
b - Summon Ice Beast      Ice/Summ       ###.....     38%         4    #####..
f - Freeze                Ice            ####         1%          1    #......


Dungeon Overview and Level Annotations

Branches:
Dungeon (4/15)
 Temple: D:4-7

Altars:
Gozag
Okawaru
Uskayaw

Annotations:
D:2 exclusion: 2 downstairs


Message History

Things that are here:
a club; a gnoll corpse You feel sick.
You feel sick.
There is a stone staircase leading down here.
You feel sick. The gnoll hits you but does no damage.
You climb downwards.
You feel sick.
The adder skeleton bites you but does no damage.
The phantom hits you!
* * * LOW HITPOINT WARNING * * *
The phantom blinks!
The adder skeleton bites you but does no damage.
There is a stone staircase leading up, spattered with blood here.
The phantom blinks!
* * * LOW HITPOINT WARNING * * *
You feel sick.
The phantom blinks!
There is a stone staircase leading down here.
The adder skeleton closely misses you. The gnoll hits you with a club!
You die...

########
#..>...#
#......# ..
#.@....##(..#
#gZ..<....##
#............
#<.....######
#..........#
#.###......#
#..?....#
..W..ยง...#
.._.....###


You could see a phantom, a gnoll and an adder skeleton.

Vanquished Creatures
  An orc wizard (D:3)
  3 gnolls (D:3)
  3 adders
  An ooze (D:2)
  2 dart slugs
  2 leopard geckos
  6 orcs
  A ball python (D:3)
  5 giant cockroaches
  7 goblins
  7 hobgoblins
  A jackal (D:1)
  A quokka (D:2)
  7 bats
  6 frilled lizards
  6 kobolds
  6 rats
65 creatures vanquished.

Notes
Turn   | Place    | Note
-------+----------+-------------------------------------------
     0 | D:1      | motku515 the Merfolk Ice Elementalist began the quest for the Orb.
     0 | D:1      | Reached XP level 1. HP: 13/13 MP: 3/3
   226 | D:1      | Reached XP level 2. HP: 19/19 MP: 0/5
   757 | D:1      | Reached skill level 4 in Ice Magic
   980 | D:1      | Reached XP level 3. HP: 24/24 MP: 4/6
  1226 | D:2      | Found a hide-covered altar of Uskayaw.
  1278 | D:2      | Learned a level 3 spell: Ozocubu's Armour
  1315 | D:2      | Found an iron altar of Okawaru.
  1335 | D:2      | Reached XP level 4. HP: 19/30 MP: 2/7
  1359 | D:2      | Became a worshipper of Warmaster Okawaru
  1685 | D:2      | Found a faded altar of an unknown god.
  2207 | D:3      | Reached skill level 5 in Ice Magic
  2214 | D:3      | Reached skill level 1 in Fighting
  2214 | D:3      | Reached XP level 5. HP: 22/37 MP: 0/8
  2389 | D:4      | Found an opulent altar of Gozag.
  2389 | D:4      | Noticed a phantom
  2417 | D:3      | Learned a level 4 spell: Summon Ice Beast
  2453 | D:4      | Mangled by a gnoll

Skill      XL: |  1  2  3  4 |
---------------+-------------+-----
Dodging        | 3 4 |  4.2
Ice Magic      | 4 5 |  5.4
Fighting       | 1 |  1.4
Stealth        | |  2.1
Spellcasting   | |  2.0
Conjurations   | |  0.7
Summonings     | |  0.6

Action                   |  1- 3 |  4- 6 || total
-------------------------+-------+-------++-------
Melee: Unarmed           |    19 |       ||    19
       Whip              |    64 |    80 ||   144
 Cast: Freeze            |    32 |    34 ||    66
       Ozocubu's Armour  |     1 |     4 ||     5
 Stab: Sleeping          |     7 |       ||     7
  Eat: Chunk             |     2 |     4 ||     6
Armor: Robe              |    21 |    40 ||    61
Dodge: Dodged            |    88 |    99 ||   187
